| TOP OF THE 1ST |
|
Corpus Christi Hooks batting - Pitching for New Hampshire Fisher Cats : LHP Vinny Zavala
|
|
Pitching: LHP Vinny Zavala
|
|
|
Batting: RHB Masaru Konno
|
0-0: Swinging Strike 0-1: Called Strike 0-2: Strikes out swinging
|
|
Batting: RHB Workneh Lagat
|
0-0: SINGLE (Line Drive, 9S, EV 104.4 MPH)
|
|
Batting: RHB Bruce Bermudez
|
0-0: Called Strike 0-1: Fielders Choice at 2nd, 6-4 (Groundball, 6M, EV 82.5 MPH)
|
|
Batting: RHB Sam Spohn
|
0-0: Ball 1-0: Ball Bruce Bermudez steals 2nd base (no throw) 2-0: Ball 3-0: Called Strike 3-1: Called Strike 3-2: Base on Balls
|
|
Batting: LHB Bob Dietz
|
0-0: Fielders Choice at 2nd, 6-4 (Groundball, 6, EV 81.2 MPH)
|
| Top of the 1st over - 0 runs, 1 hit, 0 errors, 2 left on base; Corpus Christi 0 - New Hampshire 0 |
| BOTTOM OF THE 1ST |
|
New Hampshire Fisher Cats batting - Pitching for Corpus Christi Hooks : RHP Moises Hernandez Jr.
|
|
Pitching: RHP Moises Hernandez Jr.
|
|
|
Batting: LHB Yoshinari Nara
|
0-0: Called Strike 0-1: Foul Ball, location: 2F 0-2: Ball 1-2: Ball 2-2: Strikes out swinging
|
|
Batting: RHB Frank Caulfield
|
0-0: Ball 1-0: Ball 2-0: DOUBLE (Flyball, 78XD, EV 113.8 MPH)
|
|
Batting: RHB Brock Van Gilder
|
0-0: Ball 1-0: Ball 2-0: Called Strike 2-1: Fly out, F8 (Flyball, 8RD, EV 108.8 MPH)
|
|
Batting: SHB Jack Andrews
|
0-0: Ball 1-0: Foul Ball, location: 2F 1-1: Called Strike 1-2: Strikes out swinging
|
| Bottom of the 1st over - 0 runs, 1 hit, 0 errors, 1 left on base; Corpus Christi 0 - New Hampshire 0 |
| TOP OF THE 2ND |
|
Corpus Christi Hooks batting - Pitching for New Hampshire Fisher Cats : LHP Vinny Zavala
|
|
Batting: RHB Jamie Jennings
|
0-0: Ground out 6-3 (Groundball, 6, EV 90.6 MPH)
|
|
Batting: LHB Vinny Siebecker
|
0-0: Ball 1-0: Foul Ball, location: 2F 1-1: Foul Ball, location: 2F 1-2: Strikes out swinging
|
|
Batting: RHB Steve Moore
|
0-0: Called Strike 0-1: Ball 1-1: Foul Ball, location: 2F 1-2: Ball 2-2: Fly out, F5 (Popup, 5SF, EV 85.6 MPH)
|
| Top of the 2nd over - 0 runs, 0 hits, 0 errors, 0 left on base; Corpus Christi 0 - New Hampshire 0 |
| BOTTOM OF THE 2ND |
|
New Hampshire Fisher Cats batting - Pitching for Corpus Christi Hooks : RHP Moises Hernandez Jr.
|
|
Batting: LHB Timo Gomez
|
0-0: Ball 1-0: Ground out 6-3 (Groundball, 6, EV 80.0 MPH)
|
|
Batting: RHB Scott Travis
|
0-0: Called Strike 0-1: Called Strike 0-2: Strikes out swinging
|
|
Batting: RHB Kirk Seiffert
|
0-0: Ball 1-0: Foul Ball, location: 2F 1-1: Foul Ball, location: 2F 1-2: Ball 2-2: SINGLE (Line Drive, 6M, EV 97.5 MPH)
|
|
Batting: LHB Tso-lin Fen
|
0-0: Ball Kirk Seiffert steals 2nd base (no throw) 1-0: Ground out 4-3 (Groundball, 4S, EV 77.5 MPH)
|
| Bottom of the 2nd over - 0 runs, 1 hit, 0 errors, 1 left on base; Corpus Christi 0 - New Hampshire 0 |
| TOP OF THE 3RD |
|
Corpus Christi Hooks batting - Pitching for New Hampshire Fisher Cats : LHP Vinny Zavala
|
|
Batting: LHB Jimmy Edlin
|
0-0: Ball 1-0: Called Strike 1-1: Called Strike 1-2: Strikes out looking
|
|
Batting: RHB Masaru Konno
|
0-0: Ball 1-0: Called Strike 1-1: Swinging Strike 1-2: Foul Ball, location: 2F 1-2: Foul Ball, location: 2F 1-2: Ball 2-2: Fly out, F8 (Flyball, 8LD, EV 90.0 MPH)
|
|
Batting: RHB Workneh Lagat
|
0-0: Ball 1-0: Ball 2-0: Ground out U3 (Groundball, 34, EV 80.6 MPH)
|
| Top of the 3rd over - 0 runs, 0 hits, 0 errors, 0 left on base; Corpus Christi 0 - New Hampshire 0 |
| BOTTOM OF THE 3RD |
|
New Hampshire Fisher Cats batting - Pitching for Corpus Christi Hooks : RHP Moises Hernandez Jr.
|
|
Batting: RHB Chris Martin
|
0-0: Swinging Strike 0-1: Called Strike 0-2: Ball 1-2: Ball 2-2: Ball 3-2: Foul Ball, location: 7LSF, Error on foul ball, E7 3-2: DOUBLE (Flyball, 8LXD, EV 100.6 MPH)
|
|
Batting: LHB Yoshinari Nara
|
0-0: Called Strike 0-1: Swinging Strike 0-2: Ball 1-2: Ball 2-2: Foul Ball, location: 2F 2-2: Ball 3-2: Base on Balls
|
|
Batting: RHB Frank Caulfield
|
0-0: Swinging Strike 0-1: Ball Chris Martin is caught stealing 3rd base 2-5 Yoshinari Nara to second 1-1: Ground out 5-3 (Groundball, 5, EV 90.0 MPH)
|
|
Batting: RHB Brock Van Gilder
|
0-0: Called Strike 0-1: Foul Ball, location: 2F 0-2: Ball 1-2: Foul Ball, location: 2F 1-2: SINGLE (Line Drive, 6MD, EV 98.1 MPH) Yoshinari Nara to third Runner from 3rd tries for Home, SAFE, throw by CF to home
|
|
Batting: SHB Jack Andrews
|
0-0: Foul Ball, location: 2F 0-1: Called Strike Brock Van Gilder steals 2nd base (no throw) 0-2: Ball 1-2: Ball 2-2: Ground out 5-3 (Groundball, 56, EV 87.5 MPH)
|
| Bottom of the 3rd over - 1 run, 2 hits, 1 error, 1 left on base; Corpus Christi 0 - New Hampshire 1 |
| TOP OF THE 4TH |
|
Corpus Christi Hooks batting - Pitching for New Hampshire Fisher Cats : LHP Vinny Zavala
|
|
Batting: RHB Bruce Bermudez
|
0-0: Foul Ball, location: 2F 0-1: Ball 1-1: Ball 2-1: DOUBLE (Flyball, 8LXD, EV 114.4 MPH)
|
|
Batting: RHB Sam Spohn
|
0-0: Foul Ball, location: 2F 0-1: Called Strike 0-2: Ground out 5-3 (Groundball, 56, EV 81.9 MPH)
|
|
Batting: LHB Bob Dietz
|
0-0: Called Strike 0-1: Ball 1-1: Ball 2-1: Ground out 6-3 (Groundball, 6S, EV 73.8 MPH) Bruce Bermudez to third
|
|
Batting: RHB Jamie Jennings
|
0-0: Foul Ball, location: 2F 0-1: SINGLE (Line Drive, 3D, EV 103.8 MPH) Bruce Bermudez scores
|
|
Batting: LHB Vinny Siebecker
|
0-0: Ball 1-0: Foul Ball, location: 2F 1-1: Ball 2-1: Fly out, F7 (Flyball, 7LM, EV 91.9 MPH)
|
| Top of the 4th over - 1 run, 2 hits, 0 errors, 1 left on base; Corpus Christi 1 - New Hampshire 1 |
| BOTTOM OF THE 4TH |
|
New Hampshire Fisher Cats batting - Pitching for Corpus Christi Hooks : RHP Moises Hernandez Jr.
|
|
Batting: LHB Timo Gomez
|
0-0: Foul Ball, location: 2F 0-1: Swinging Strike 0-2: Strikes out swinging
|
|
Batting: RHB Scott Travis
|
0-0: Called Strike 0-1: Ball 1-1: Called Strike 1-2: Strikes out swinging
|
|
Batting: RHB Kirk Seiffert
|
0-0: Ball 1-0: Called Strike 1-1: Ball 2-1: Fly out, F4 (Line Drive, 4, EV 72.5 MPH)
|
| Bottom of the 4th over - 0 runs, 0 hits, 0 errors, 0 left on base; Corpus Christi 1 - New Hampshire 1 |
| TOP OF THE 5TH |
|
Corpus Christi Hooks batting - Pitching for New Hampshire Fisher Cats : LHP Vinny Zavala
|
|
Batting: RHB Steve Moore
|
0-0: Swinging Strike 0-1: Ball 1-1: Ball 2-1: Foul Ball, location: 2F 2-2: Ground out 6-3 (Groundball, 6, EV 91.2 MPH)
|
|
Batting: LHB Jimmy Edlin
|
0-0: Ball 1-0: Ground out 4-3 (Groundball, 4, EV 83.8 MPH)
|
|
Batting: RHB Masaru Konno
|
0-0: Ball 1-0: Called Strike 1-1: Ball 2-1: Foul Ball, location: 2F 2-2: DOUBLE (Flyball, 8RXD, EV 110.6 MPH)
|
|
Batting: RHB Workneh Lagat
|
0-0: Hit by Pitch
|
|
Batting: RHB Bruce Bermudez
|
0-0: Called Strike 0-1: Swinging Strike 0-2: Hit by Pitch Masaru Konno to third Workneh Lagat to second
|
|
Batting: RHB Sam Spohn
|
0-0: Foul Ball, location: 2F 0-1: Foul Ball, location: 2F 0-2: Ball 1-2: Foul Ball, location: 2F 1-2: Ball 2-2: Fielders Choice at 2nd, 6-4 (Groundball, 6, EV 99.4 MPH)
|
| Top of the 5th over - 0 runs, 1 hit, 0 errors, 3 left on base; Corpus Christi 1 - New Hampshire 1 |
| BOTTOM OF THE 5TH |
|
New Hampshire Fisher Cats batting - Pitching for Corpus Christi Hooks : RHP Moises Hernandez Jr.
|
|
Batting: LHB Tso-lin Fen
|
0-0: Ball 1-0: Foul Ball, location: 2F 1-1: Called Strike 1-2: Fly out, F9 (Line Drive, 89D, EV 92.5 MPH)
|
|
Batting: RHB Chris Martin
|
0-0: Ball 1-0: Foul Ball, location: 2F 1-1: Ball 2-1: Ball 3-1: SINGLE (Groundball, 25, EV 63.8 MPH) (infield hit)
|
|
Batting: LHB Yoshinari Nara
|
0-0: Swinging Strike 0-1: Ball 1-1: Called Strike 1-2: Ball 2-2: Foul Ball, location: 2F 2-2: Foul Ball, location: 2F 2-2: Foul Ball, location: 2F 2-2: Foul Ball, location: 2F 2-2: Fielders Choice at 2nd, 1-6 (Groundball, P, EV 70.0 MPH)
|
|
Batting: RHB Frank Caulfield
|
0-0: Ball 1-0: Ball 2-0: Called Strike 2-1: Foul Ball, location: 2F 2-2: Strikes out looking
|
| Bottom of the 5th over - 0 runs, 1 hit, 0 errors, 1 left on base; Corpus Christi 1 - New Hampshire 1 |
| TOP OF THE 6TH |
|
Corpus Christi Hooks batting - Pitching for New Hampshire Fisher Cats : LHP Vinny Zavala
|
|
Batting: LHB Bob Dietz
|
0-0: Foul Ball, location: 2F 0-1: Foul Ball, location: 2F 0-2: Foul Ball, location: 2F 0-2: Foul Ball, location: 2F 0-2: Foul Ball, location: 2F 0-2: Foul Ball, location: 2F 0-2: Foul Ball, location: 2F 0-2: Foul Ball, location: 2F 0-2: Ball 1-2: Strikes out swinging
|
|
Batting: RHB Jamie Jennings
|
0-0: Ball 1-0: Ground out 3-1 (Groundball, 34, EV 85.0 MPH)
|
|
Batting: LHB Vinny Siebecker
|
0-0: Ball 1-0: DOUBLE (Line Drive, 78M, EV 111.9 MPH)
|
|
Batting: RHB Steve Moore
|
0-0: Ground out 5-3 (Groundball, 56, EV 86.2 MPH)
|
| Top of the 6th over - 0 runs, 1 hit, 0 errors, 1 left on base; Corpus Christi 1 - New Hampshire 1 |
| BOTTOM OF THE 6TH |
|
New Hampshire Fisher Cats batting - Pitching for Corpus Christi Hooks : RHP Moises Hernandez Jr.
|
|
Batting: RHB Brock Van Gilder
|
0-0: Called Strike 0-1: Swinging Strike 0-2: Foul Ball, location: 2F 0-2: Ball 1-2: Foul Ball, location: 2F 1-2: Foul Ball, location: 2F 1-2: Hit by Pitch
|
|
Pitching: RHP Tim Watson
|
|
|
Batting: SHB Jack Andrews
|
0-0: Ball 1-0: Ball 2-0: Called Strike Brock Van Gilder steals 2nd base 2-1: Fly out, F9 (Flyball, 9, EV 86.9 MPH)
|
|
Batting: LHB Timo Gomez
|
0-0: Intentional Walk
|
|
Batting: LHB Rodrigo Briceno
|
0-0: Hit by Pitch Brock Van Gilder to third Timo Gomez to second
|
|
Batting: RHB Kirk Seiffert
|
0-0: Ball 1-0: Ball 2-0: Called Strike 2-1: Foul Ball, location: 2F 2-2: Ball Wild Pitch! Brock Van Gilder scores Timo Gomez to third Rodrigo Briceno to second 3-2: Base on Balls
|
|
Batting: LHB Tso-lin Fen
|
0-0: Called Strike 0-1: Ball 1-1: Grounds into double play, 3-2-3 (Groundball, 3, EV 84.4 MPH)
|
| Bottom of the 6th over - 1 run, 0 hits, 0 errors, 2 left on base; Corpus Christi 1 - New Hampshire 2 |
| TOP OF THE 7TH |
|
Corpus Christi Hooks batting - Pitching for New Hampshire Fisher Cats : LHP Vinny Zavala
|
|
Batting: LHB Jimmy Edlin
|
0-0: Foul Ball, location: 2F 0-1: Ball 1-1: Ground out 5-3 (Groundball, 56S, EV 86.2 MPH)
|
|
Batting: RHB Masaru Konno
|
0-0: Ball 1-0: Ball 2-0: Ball 3-0: Base on Balls
|
|
Batting: RHB Workneh Lagat
|
0-0: Called Strike Masaru Konno steals 2nd base (no throw) 0-1: Fly out, F7 (Flyball, 7, EV 89.4 MPH)
|
|
Batting: RHB Bruce Bermudez
|
0-0: Swinging Strike 0-1: Ball 1-1: Called Strike 1-2: Fly out, F8 (Flyball, 8LD, EV 91.9 MPH)
|
| Top of the 7th over - 0 runs, 0 hits, 0 errors, 1 left on base; Corpus Christi 1 - New Hampshire 2 |
| BOTTOM OF THE 7TH |
|
New Hampshire Fisher Cats batting - Pitching for Corpus Christi Hooks : RHP Tim Watson
|
|
Batting: RHB Chris Martin
|
0-0: Ground out 4-3 (Groundball, 4M, EV 86.2 MPH)
|
|
Batting: LHB Yoshinari Nara
|
0-0: Foul Ball, location: 2F 0-1: SINGLE (Groundball, 3S, EV 62.5 MPH) (infield hit)
|
|
Batting: RHB Frank Caulfield
|
0-0: Called Strike Yoshinari Nara steals 2nd base 0-1: Called Strike 0-2: SINGLE (Flyball, 8RS, EV 90.0 MPH) Yoshinari Nara to third Runner from 3rd tries for Home, SAFE, throw by CF to home
|
|
Batting: RHB Brock Van Gilder
|
0-0: Called Strike Frank Caulfield steals 2nd, throwing error, E2 Frank Caulfield to third 0-1: Ball 1-1: SINGLE (Groundball, 56D, EV 105.6 MPH) Frank Caulfield scores
|
|
Batting: SHB Jack Andrews
|
0-0: Called Strike Brock Van Gilder steals 2nd base 0-1: Called Strike 0-2: Ball 1-2: Foul Ball, location: 2F 1-2: Ball 2-2: SINGLE (Groundball, 4MD, EV 106.9 MPH) Brock Van Gilder to third
|
|
Batting: LHB Timo Gomez
|
0-0: Ball 1-0: Foul Ball, location: 2F 1-1: Ball Jack Andrews steals 2nd base (no throw) 2-1: Swinging Strike 2-2: Ball 3-2: Fly out, F9 (Flyball, 89M, EV 87.5 MPH) Runner from 3rd tags up, SCORES, throw by RF
|
|
Batting: LHB Rodrigo Briceno
|
0-0: Intentional Walk
|
|
Pitching: RHP Ray Leuthauser
|
|
|
Batting: RHB Kirk Seiffert
|
0-0: Swinging Strike 0-1: Foul Ball, location: 2F 0-2: Foul Ball, location: 2F 0-2: Ball 1-2: Ball 2-2: Strikes out looking
|
| Bottom of the 7th over - 3 runs, 4 hits, 1 error, 2 left on base; Corpus Christi 1 - New Hampshire 5 |
| TOP OF THE 8TH |
|
Corpus Christi Hooks batting - Pitching for New Hampshire Fisher Cats : LHP Vinny Zavala
|
|
Pitching: RHP Mel Schultz
|
|
|
Batting: RHB Sam Spohn
|
0-0: Called Strike 0-1: Foul Ball, location: 2F 0-2: Ball 1-2: Ball 2-2: Foul Ball, location: 2F 2-2: Foul Ball, location: 2F 2-2: Strikes out swinging, 2-3 out at first.
|
|
Batting: LHB Bob Dietz
|
0-0: Called Strike 0-1: Ball 1-1: Foul Ball, location: 2F 1-2: Foul Ball, location: 2F 1-2: Strikes out looking
|
|
Batting: RHB Jamie Jennings
|
0-0: Ball 1-0: Called Strike 1-1: Foul Ball, location: 2F 1-2: Strikes out swinging
|
| Top of the 8th over - 0 runs, 0 hits, 0 errors, 0 left on base; Corpus Christi 1 - New Hampshire 5 |
| BOTTOM OF THE 8TH |
|
New Hampshire Fisher Cats batting - Pitching for Corpus Christi Hooks : RHP Ray Leuthauser
|
|
Batting: LHB Tso-lin Fen
|
0-0: Ball 1-0: Ball 2-0: Called Strike 2-1: Foul Ball, location: 2F 2-2: Foul Ball, location: 2F 2-2: SINGLE (Line Drive, 89S, EV 89.4 MPH)
|
|
Batting: RHB Chris Martin
|
0-0: Called Strike Tso-lin Fen steals 2nd base (no throw) 0-1: Fly out, F8 (Line Drive, 8LD, EV 109.4 MPH) Runner from 2nd tags up, SAFE at 3rd with throw by CF
|
|
Batting: LHB Yoshinari Nara
|
0-0: Foul Ball, location: 2F 0-1: Foul Ball, location: 2F 0-2: Foul Ball, location: 2F 0-2: Ground out 4-3 (Groundball, 34D, EV 85.0 MPH) Tso-lin Fen scores
|
|
Batting: RHB Frank Caulfield
|
0-0: Swinging Strike 0-1: Foul Ball, location: 2F 0-2: Fly out, F6 (Line Drive, 6, EV 70.0 MPH)
|
| Bottom of the 8th over - 1 run, 1 hit, 0 errors, 0 left on base; Corpus Christi 1 - New Hampshire 6 |
| TOP OF THE 9TH |
|
Corpus Christi Hooks batting - Pitching for New Hampshire Fisher Cats : RHP Mel Schultz
|
|
Batting: LHB Vinny Siebecker
|
0-0: Foul Ball, location: 2F 0-1: Ball 1-1: Foul Ball, location: 2F 1-2: Fly out, F7 (Flyball, 7LM, EV 87.5 MPH)
|
|
Batting: RHB Steve Moore
|
0-0: Called Strike 0-1: Foul Ball, location: 2F 0-2: Ball 1-2: Ball 2-2: Ball 3-2: Strikes out swinging
|
|
Batting: LHB Jimmy Edlin
|
0-0: Ball 1-0: Ball 2-0: Called Strike 2-1: Foul Ball, location: 2F 2-2: Strikes out looking
|
| Top of the 9th over - 0 runs, 0 hits, 0 errors, 0 left on base; Corpus Christi 1 - New Hampshire 6 |
|